 Dungeon Crawl Stone Soup version 0.19.5 (webtiles) character file.

669 Hasye the Chiller (level 7, -5/48 HPs)
             Began as a Merfolk Ice Elementalist on Apr 18, 2017.
             Slain by an ice beast (14 damage)
             ... on level 5 of the Dungeon.
             The game lasted 00:29:59 (6284 turns).

Hasye the Chiller (Merfolk Ice Elementalist)        Turns: 6284, Time: 00:30:01

Health: -5/48      AC: 16    Str: 10    XL:     7   Next: 58%
Magic:  0/11       EV: 14    Int: 15    God:
Gold:   245        SH:  0    Dex: 14    Spells: 2 memorised, 8 levels left

rFire  . . .     SeeInvis .     e - +3 mace (protect)
rCold  . . .     Gourm    .     i - +0 leather armour
rNeg   . . .     Faith    .     (no shield)
rPois  .         Spirit   +     (no helmet)
rElec  .         Reflect  .     (no cloak)
rCorr  .         Harm     .     (no gloves)
MR     .....                    (no boots)
Stlth  ++........               k - amulet of guardian spirit
                                (no ring)
                                (no ring)

@: icy armour, protection aura, slow
A: change form in water, swift swim, stealthy swim
a: no special abilities


You were on level 5 of the Dungeon.
You were near starving.

You visited 1 branch of the dungeon, and saw 5 of its levels.

You collected 245 gold pieces.

Inventory:

Hand Weapons
 d - a +0 dagger
 e - a +3 mace of protection (weapon)
 o - a +2 flail of protection
 r - a cursed -1 shortbow
Missiles
 w - 25 arrows
Armour
 g - a +0 leather armour
 i - a +0 leather armour (worn)
 p - a +0 leather armour
 x - a +0 leather armour
Jewellery
 h - an uncursed amulet of inaccuracy
 j - a +2 ring of dexterity {unknown}
 k - an amulet of guardian spirit (around neck)
 q - an uncursed amulet of the gourmand
 t - a cursed ring of teleportation
Wands
 a - a wand of paralysis (14/24)
Scrolls
 l - 2 scrolls of identify
 n - a scroll of fear {unknown}
 v - a scroll of fog {unknown}
Potions
 c - a potion of resistance {unknown}
 m - 2 potions of agility
 s - a potion of mutation {unknown}
 u - a potion of cancellation {unknown}
 B - a potion of magic {unknown}
Books
 b - a book of Frost

   Spells                             Type                      Level
   a - Freeze                         Ice                          1
   b - Throw Frost                    Conjuration/Ice              2
   c - Ozocubu's Armour               Charms/Ice                   3
   d - Throw Icicle                   Conjuration/Ice              4
   e - Summon Ice Beast               Ice/Summoning                4
Comestibles
 f - a beef jerky
 z - a meat ration
 A - a bread ration


   Skills:
 + Level 1.3 Fighting
 + Level 3.3 Maces & Flails
 + Level 2.4 Armour
 + Level 4.6 Dodging
 + Level 3.0 Stealth
 + Level 0.4 Unarmed Combat
 + Level 3.1 Spellcasting
   Level 0.7 Conjurations
 + Level 0.4 Charms
 + Level 4.7 Ice Magic


You had 8 spell levels left.
You knew the following spells:

 Your Spells              Type           Power        Failure   Level  Hunger
a - Freeze                Ice            ###.         3%          1    #......
b - Ozocubu's Armour      Chrm/Ice       ##......     30%         3    ###....


Dungeon Overview and Level Annotations

Branches:
Dungeon (5/15)
 Temple: D:4-7

Altars:
Kikubaaqudgha
Xom


Message History

The ice beast completely misses you.
You hit the ice beast.
The ice beast is heavily wounded.
The ice beast hits you. The ice beast freezes you!
You hit the ice beast.
The ice beast is heavily wounded.
The ice beast hits you but does no damage.
You barely miss the ice beast.
The ice beast is heavily wounded.
The ice beast hits you but does no damage.
The ice beast hits you. The ice beast freezes you!
* * * LOW HITPOINT WARNING * * *
Casting: Freeze
Confirm with . or Enter, or press ? or * to list all spells.
Your icy armour thickens.
You are near starving!
The ice beast hits you.
* * * LOW HITPOINT WARNING * * *
The ice beast freezes you!
You die...

.>... #... #...
#.. #.. #a# #Y#
#@# #.
####'#######
#..#...........
#..#........###
#...........#
#.........(.#
#...........#
#..#........#
#..#.##'#####


You could see an ice beast and a worker ant.

Vanquished Creatures
  A water moccasin (D:5)
  A phantom (D:4)
  A centaur (D:5)
  A scorpion (D:4)
  A crimson imp (D:3)
  An iguana (D:4)
  5 worker ants
  9 adders
  An ooze (D:3)
  3 worms
  A dart slug (D:1)
  3 leopard geckos
  3 orcs
  5 giant cockroaches
  6 goblins
  5 hobgoblins
  2 jackals (D:3)
  3 quokkas (D:2)
  A ball python (D:1)
  7 bats
  6 frilled lizards
  10 kobolds
  13 rats
89 creatures vanquished.

Notes
Turn   | Place    | Note
-------+----------+-------------------------------------------
     0 | D:1      | Hasye the Merfolk Ice Elementalist began the quest for the Orb.
     0 | D:1      | Reached XP level 1. HP: 13/13 MP: 3/3
   556 | D:1      | Reached XP level 2. HP: 16/19 MP: 3/5
  1555 | D:2      | Reached XP level 3. HP: 21/24 MP: 6/6
  2185 | D:2      | You fall through a shaft!
  2206 | D:2      | Reached skill level 1 in Maces & Flails
  2222 | D:2      | Reached XP level 4. HP: 18/30 MP: 1/7
  3177 | D:3      | Reached XP level 5. HP: 29/35 MP: 4/8
  3742 | D:3      | Reached skill level 1 in Armour
  4136 | D:4      | Noticed a phantom
  4180 | D:4      | Killed a phantom
  4180 | D:4      | Reached XP level 6. HP: 10/42 MP: 3/10
  4412 | D:4      | Learned a level 3 spell: Ozocubu's Armour
  4439 | D:4      | Found a shimmering altar of Xom.
  4713 | D:4      | Found an ancient bone altar of Kikubaaqudgha.
  4754 | D:4      | HP: 2/42 [poisoned by a worker ant]
  5280 | D:4      | Reached XP level 7. HP: 47/47 MP: 11/11
  5432 | D:5      | Entered Level 5 of the Dungeon
  5617 | D:5      | Reached skill level 1 in Fighting
  6284 | D:5      | Slain by an ice beast

Skill      XL: |  1  2  3  4  5  6  7 |
---------------+----------------------+-----
Dodging        | 3 4 |  4.6
Maces & Flails | 1 2 3 |  3.3
Ice Magic      | 4 |  4.7
Armour         | 1 2 |  2.4
Fighting       | 1 |  1.3
Spellcasting   | 3 |  3.1
Stealth        | 3 |  3.0
Unarmed Combat | |  0.4
Conjurations   | |  0.7
Charms         | |  0.4

Action                   |  1- 3 |  4- 6 |  7- 9 || total
-------------------------+-------+-------+-------++-------
Melee: Unarmed           |    45 |       |       ||    45
       Mace              |    78 |   167 |    54 ||   299
 Cast: Freeze            |    27 |    23 |     7 ||    57
       Ozocubu's Armour  |       |     3 |     3 ||     6
  Use: Scroll            |     3 |     1 |     3 ||     7
       Potion            |     1 |     1 |     1 ||     3
 Stab: Distracted        |     1 |       |       ||     1
       Sleeping          |     1 |       |       ||     1
  Eat: Bread ration      |     1 |       |       ||     1
       Meat ration       |       |     2 |       ||     2
       Pizza             |       |     1 |       ||     1
       Beef jerky        |       |     1 |       ||     1
Armor: Robe              |     7 |       |       ||     7
       Leather armour    |    41 |    71 |    13 ||   125
       Skin              |    42 |       |       ||    42
Dodge: Dodged            |   125 |   185 |    57 ||   367
